 Dungeon Crawl Stone Soup version 0.21.1-1-g345015f (webtiles) character file.

70 jamsan the Caller (level 4, -1/34 HPs)
             Began as a Barachi Summoner on June 17, 2018.
             Slain by a gnoll
             ... wielding a +4 spear of venom
              (8 damage)
             ... on level 2 of the Dungeon.
             The game lasted 00:05:39 (2403 turns).

jamsan the Caller (Barachi Summoner)                Turns: 2403, Time: 00:05:40

Health: -1/34      AC:  2    Str: 10    XL:     4   Next: 22%
Magic:  0/7        EV: 12    Int: 16    God:
Gold:   52         SH:  0    Dex: 12    Spells: 4/7 levels left

rFire    . . .     SeeInvis .   h - +0 spear
rCold    . . .     Gourm    .   (no shield)
rNeg     . . .     Faith    .   a - +0 robe
rPois    .         Spirit   .   (no helmet)
rElec    .         Reflect  .   (no cloak)
rCorr    .         Harm     .   (no gloves)
MR       .....                  (no boots)
Stlth    ++........             (no amulet)
HPRegen  0.11/turn              (no ring)
MPRegen  0.10/turn              (no ring)

@: lethally poisoned (-1 -> -8), very slightly contaminated, slow
A: +LOS, swims, slowness 1, strong legs 1
a: Hop


You were on level 2 of the Dungeon.
You were very hungry.

You visited 1 branch of the dungeon, and saw 2 of its levels.

You collected 52 gold pieces.

Inventory:

Hand Weapons
 d - a +0 short sword
 h - a +0 spear (weapon)
Armour
 a - a +0 robe (worn)
 i - a +0 helmet (quivered)
Scrolls
 f - 3 scrolls of identify {unknown}
 g - 3 scrolls of teleportation {unknown}
 j - a scroll of amnesia {unknown}
 k - 2 scrolls of remove curse {unknown}
Potions
 e - 3 potions of degeneration {unknown}
 l - a potion of mutation {unknown}
 m - a potion of lignification {unknown}
 n - a potion of curing {unknown}
Books
 b - a book of Callings

   Spells                             Type                      Level
   a - Summon Small Mammal            Summoning                    1
   b - Call Imp                       Summoning                    2
   c - Call Canine Familiar           Summoning                    3
   d - Summon Guardian Golem          Hexes/Summoning              3
   e - Summon Lightning Spire         Summoning/Air                4
   f - Summon Ice Beast               Ice/Summoning                4
Comestibles
 c - 3 rations


   Skills:
 + Level 2.7 Fighting
 + Level 2.0 Polearms
 - Level 2.1 Dodging
 - Level 1.7 Stealth
 - Level 2.1 Spellcasting
 - Level 5.3 Summonings


You had 4 spell levels left.
You knew the following spells:

 Your Spells              Type           Power        Failure   Level  Hunger
a - Summon Small Mammal   Summ           ###.         2%          1    #......
b - Call Imp              Summ           ###.....     3%          2    ###....


Dungeon Overview and Level Annotations

Branches:
Dungeon (2/15)

Altars:

Annotations:
D:2 Sigmund


Innate Abilities, Weirdness & Mutations

Shadows flee at your approach. (+LOS)
You can swim through water.
You cover ground slowly.
You can hop short distances.


Message History

The gnoll hits you from afar with a spear of venom!
* * * LOW HITPOINT WARNING * * *
You are poisoned.
The giant cockroach bites you.
* * * LOW HITPOINT WARNING * * *
You swap places.
* * * LOW HITPOINT WARNING * * *
You feel sick.
Your crimson imp hits the giant cockroach.
The giant cockroach dies!
The kobold throws a stone.
The stone hits your white imp but does no damage.
Your white imp closely misses the gnoll.
Your crimson imp hits the gnoll.
Casting: Call Imp
Confirm with . or Enter, or press ? or * to list all spells.
* * * LOW HITPOINT WARNING * * *
You feel sick.
The gnoll hits you from afar with a spear of venom!
You die...

....#.....#.#..###.#
..........#.#..###.#
####.###.##.#....#.### # #
#........##.#.#... .# #
#..##.#####.#K#.# ..
####..##.........g.#.######
..........######5#g........
#####.###.# #...r5##.######
#.# .# #...@.# # ###
.##.....(# .##.....?#
.##......# .##.....##
.##.#.#.. ....##. ##... .
..# .


You could see 2 gnolls, a kobold, a friendly crimson imp, a friendly white imp
and a friendly rat.

Vanquished Creatures
  A centaur skeleton (D:2)
  An ooze (D:2)
  A leopard gecko (D:1)
  3 giant cockroaches
  A goblin (D:1)
  3 hobgoblins (D:1)
  A quokka (D:2)
  4 bats
  5 kobolds
  4 rats (D:1)
24 creatures vanquished.

Vanquished Creatures (collateral kills)
  Terence (D:2)
  A worm (D:2)
  A giant cockroach (D:2)
  A hobgoblin (D:1)
  2 kobolds (D:1)
  A rat (D:1)
7 creatures vanquished.

Grand Total: 31 creatures vanquished

Notes
Turn   | Place    | Note
-------+----------+-------------------------------------------
     0 | D:1      | jamsan the Barachi Summoner began the quest for the Orb.
     0 | D:1      | Reached XP level 1. HP: 13/13 MP: 3/3
   621 | D:1      | Reached skill level 5 in Summonings
   876 | D:1      | Reached XP level 2. HP: 16/20 MP: 5/5
   880 | D:1      | Learned a level 2 spell: Call Imp
  1072 | D:1      | Reached skill level 1 in Fighting
  1751 | D:1      | Reached XP level 3. HP: 17/26 MP: 6/6
  1963 | D:2      | Reached skill level 1 in Polearms
  1986 | D:2      | Noticed Terence
  2005 | D:2      | Killed Terence
  2005 | D:2      | Reached XP level 4. HP: 9/34 MP: 0/7
  2305 | D:2      | Noticed Sigmund
  2403 | D:2      | Slain by a gnoll

Skill      XL: |  1  2  3 |
---------------+----------+-----
Summonings     | 5 |  5.3
Fighting       | 1 2 |  2.7
Polearms       | 2 |  2.0
Dodging        | |  2.1
Stealth        | |  1.7
Spellcasting   | |  2.1

Action                   |  1- 3 |  4- 6 || total
-------------------------+-------+-------++-------
Melee: Short sword       |    24 |       ||    24
       Unarmed           |     7 |       ||     7
       Spear             |    81 |    24 ||   105
 Cast: Summon Small Mamm |    10 |     1 ||    11
       Call Imp          |     3 |     2 ||     5
 Stab: Sleeping          |     4 |     1 ||     5
  Eat: Chunk             |     4 |     1 ||     5
Armor: Robe              |    26 |     2 ||    28
Dodge: Dodged            |    64 |    22 ||    86
